 Dungeon Crawl Stone Soup version 0.32-a0-876-gcfddb08 (webtiles) character file.

Game seed: 4719462894757764977

37 lyrin the Conjurer (level 3, -2/26 HPs)
             Began as a Demigod Conjurer on Mar 31, 2024.
             Slain by Terence
             ... wielding a +0 flail
              (6 damage)
             ... on level 2 of the Dungeon.
             The game lasted 00:02:02 (1682 turns).

lyrin the Conjurer (Demigod Conjurer)               Turns: 1682, Time: 00:02:02

Health: -2/26      AC:  3    Str:  8    XL:     3   Next: 7%
Magic:  3/8        EV: 11    Int: 24    God:
Gold:   52         SH:  0    Dex: 12    Spells: 3/6 levels left

rFire   . . .        d - +0 dagger
rCold   + . .        (no shield)
rNeg    . . .        a - +0 robe
rPois   .            (no helmet)
rElec   .            (no cloak)
rCorr   .            (no gloves)
SInv    .            g - +0 pair of boots
Will    .....        (no amulet)
Stlth   ++           j - ring of protection from cold
HPRegen 0.24/turn    (no ring)
MPRegen 0.11/turn

%: no passive effects
@: no status effects
A: high MP 1, forlorn, divine attributes
a: no special abilities


You were on level 2 of the Dungeon.
You visited 1 branch of the dungeon, and saw 2 of its levels.

You collected 52 gold pieces.

Inventory:

Hand Weapons
 d - a +0 dagger (weapon)
Armour
 a - a +0 robe (worn)
 g - a +0 pair of boots (worn)
Jewellery
 j - a ring of protection from cold (left hand)
Scrolls
 f - a scroll of noise {unknown}
 i - a scroll of fear {unknown}
 k - a scroll of teleportation {unknown}
 l - a scroll of poison {unknown}
Potions
 b - a potion of magic
 e - a potion of curing {unknown}
 h - a potion of berserk rage {unknown}


   Skills:
 + Level 2.1 Dodging
 - Level 1.7 Stealth
 * Level 2.1 Spellcasting
 + Level 4.3 Conjurations


You had 3 spell levels left.
You knew the following spells:

 Your Spells              Type           Power      Damage    Failure   Level
a - Magic Dart            Conj           92%        1d7       1%          1
b - Searing Ray           Conj           46%        2d6       3%          2

Your spell library contained the following spells:

 Spells                   Type           Power      Damage    Failure   Level
 Fulminant Prism          Conj/Alch      6%         3d6       43%         4
 Iskenderun's Mystic Bla Conj/Tloc 12%            2d5        (+2d2     43%         4


Dungeon Overview and Level Annotations

Branches:
Dungeon (2/15)

Annotations:
D:2 Terence


Innate Abilities, Weirdness & Mutations

You have an increased reservoir of magic. (+10% MP)
You shall have no god before yourself.
Your divine heritage dramatically boosts your attributes as you level up.


Message History

Terence misses you.
Your magical contamination has completely faded away.
Throw: 2 darts (poison)
Press: ? - help, Q - select action, (/) - cycle Shift-Dir - straight line, f/p - Terence
Aim: Terence, wielding a +0 flail and wearing a +0 chain mail (severely wounded, 61% to hit)
You throw a poisoned dart. The poisoned dart hits Terence.
Terence is severely wounded.
Terence hits you with a +0 flail!
Ouch! That really hurt!
* * * LOW HITPOINT WARNING * * *
Throw: dart (poison)
Press: ? - help, Q - select action, (/) - cycle Shift-Dir - straight line, f/p - Terence
Aim: Terence, wielding a +0 flail and wearing a +0 chain mail (severely wounded, 61% to hit)
You throw a poisoned dart.
The poisoned dart barely misses Terence.
Terence barely misses you.
Unknown command.
Unknown command.
Terence says, "How do you enjoy it?"
A ribbon worm comes into view.
The ribbon worm attacks as it pursues you!
The ribbon worm bites you.
* * * LOW HITPOINT WARNING * * *
The ribbon worm attacks as it pursues you!
The ribbon worm closely misses you.
A ball python comes into view.
Terence attacks as he pursues you! Terence hits you with a +0 flail.
* * * LOW HITPOINT WARNING * * *
A hobgoblin comes into view.
The hobgoblin shouts!
You hear a shout!
You hear an angry hiss.
You hear a shout!
You hear an angry hiss.
A quokka, a ribbon worm, an adder and a hobgoblin come into view.
Found an encrusted bronze wand.
The hobgoblin closely misses you.
A hobgoblin comes into view.
The adder moves out of view.
The ball python hisses angrily.
A ball python comes into view.
Terence attacks as he pursues you! Terence hits you with a +0 flail.
You die...
Terence says, "That felt goooood."

........ #.#..###..# #.##.......
........+.##..##.##..##<##..~.⌠~⌠
........#.#..##...##..#.#...⌠....
..........#.## ./.. #S#.....~.###
..........#.w##.r. #..###.).~.#_.
..........##..##.##..# #...⌠.###
....#...#.#.#S.#.#S.# #...⌠.P..
..........##.#.@wgg# #...~~⌠⌠⌠
'#..##....#.#.#g@.#.# #.#...[..
.#....#...########### #.##.#.##
....................#####.##...##
....#######.#.#.###.#......#.####
...........................### #
###########.#.#.#...#.####.# #
#.#.#.....#.# #.# # #.#.#.#...#.#
#.# # ###########.#.......#.# #.#
#


You could see Terence, 2 ribbon worms, an adder, a quokka, 3 hobgoblins and 2
ball pythons.

Vanquished Creatures
  A gnoll (D:1)
  2 ball pythons
  4 bats (D:1)
  2 endoplasms
  3 giant cockroaches
  5 goblins (D:1)
  2 hobgoblins (D:1)
  2 frilled lizards
  A kobold (D:1)
  2 rats (D:1)
24 creatures vanquished.

Notes
Turn   | Place    | Note
-------+----------+-------------------------------------------
     0 | D:1      | lyrin the Demigod Conjurer began the quest for the Orb.
     0 | D:1      | Reached XP level 1. HP: 14/14 MP: 5/5
   364 | D:1      | Reached skill level 4 in Conjurations
   364 | D:1      | Reached XP level 2. HP: 20/20 MP: 5/7
   408 | D:1      | Learned a level 2 spell: Searing Ray
  1121 | D:2      | Reached XP level 3. HP: 23/26 MP: 1/8
  1655 | D:2      | Noticed Terence
  1682 | D:2      | Slain by Terence

Illustrated notes

Levels and vault maps discovered:
D:1:      co_arrival_square_in_a_square_in_a_square, layout_loops_ring,
          minmay_misc_feat_hallway
D:2:      minmay_diamond_boxcup, layout_basic,
          shapermc_ecumenical_altar_acropolis, uniq_crazy_yiuf_cottage,
          uniq_terence

Skill      XL: |  1  2 |
---------------+-------+-----
Conjurations   | 4 |  4.3
Dodging        | 2 |  2.1
Spellcasting   | 2 |  2.1
Stealth        | |  1.7

Action                     || total
---------------------------++-------
  Throw: Dart              ||     4
   Cast: Magic Dart        ||    47
         Searing Ray       ||     2
 Armour: Robe              ||    13
  Dodge: Dodged            ||     8

Table legend: (Time is in decaauts)
 A = Elapsed time spent in this place.
 B = Non-inter-level travel time spent in this place.
 C = Inter-level travel time spent in this place.
 D = Time resting spent in this place.
 E = Time spent auto-exploring this place.
 F = Levels seen in this place.
 G = Mean time per level.
                   A        B        C        D        E       F      G
               +--------+--------+--------+--------+--------+-----+--------+
         Total |   1680 |   1649 |     31 |    164 |   1329 |   2 |  840.0 |
       Dungeon |   1680 |   1649 |     31 |    164 |   1329 |   2 |  840.0 |
               +--------+--------+--------+--------+--------+-----+--------+

Top non-repeatable levels by time:
     D:1: 1079 daAuts
     D:2: 601 daAuts
